 Dungeon Crawl Stone Soup version 0.18.1-47-g9310371 (webtiles) character file.

790 Krovax the Slasher (level 8, -3/61 HPs)
             Began as a Human Chaos Knight on June 14, 2016.
             Slain by Duvessa
             ... wielding a +0 rapier
              (5 damage)
             ... on level 6 of the Dungeon.
             The game lasted 01:27:24 (4348 turns).

Krovax the Slasher (Human Chaos Knight)             Turns: 4348, Time: 01:27:25

Health: -3/61      AC:  6    Str: 10    XL:     8   Next: 12%
Magic:  8/8        EV: 13    Int: 12    God:    Xom [....*.]
Gold:   126        SH:  0    Dex: 14    Spells: 1 memorised, 6 levels left

rFire  . . .     SeeInvis .     a - +0 falchion (chaos)
rCold  + . .     Gourm    .     b - +2 leather armour
rNeg   . . .     Faith    .     (no shield)
rPois  .         Spirit   .     (no helmet)
rElec  .         Dismiss  +     (no cloak)
rCorr  .         Reflect  .     (no gloves)
SustAt .         Harm     .     (no boots)
MR     .....                    y - amulet of dismissal (curse)
Stlth  +.........               (no ring)
                                j - +3 ring of protection

@: not resistant to hostile enchantments, very unstealthy
A: clumsy 1, cold resistance 1, deformed body, mutation resistance 1, weak 1
a: Renounce Religion


You were on level 6 of the Dungeon.
You worshipped Xom.
You were a beloved toy of Xom.
You were not hungry.

You visited 1 branch of the dungeon, and saw 6 of its levels.

You collected 126 gold pieces.

Inventory:

Hand Weapons
 a - a +0 falchion of chaos (weapon)
 k - a +0 whip
 m - a +0 flail of protection
 o - a +0 scythe
 p - a +0 trident
 r - a +4 dagger
 t - a +0 shortbow
 D - a +0 giant spiked club
 E - a +0 whip of flaming
Missiles
 n - 38 bolts
 G - 23 arrows
 K - 2 needles of sleeping
 L - 10 poisoned needles
Armour
 b - a +2 leather armour (worn)
 e - a +0 robe
 f - a +0 robe of the Archmagi
 l - a +0 robe
 A - a cursed +0 ring mail
 C - a +0 animal skin
 N - a +0 robe
Jewellery
 j - a +3 ring of protection (left hand)
 u - an uncursed amulet of the gourmand
 y - a cursed amulet of dismissal (around neck)
 M - a cursed amulet of inaccuracy {unknown}
Wands
 O - a wand of disintegration (7/24)
Scrolls
 i - a scroll of remove curse
 x - a scroll of amnesia
 I - a scroll of magic mapping
 J - a scroll of enchant armour {unknown}
Potions
 d - a potion of brilliance
 h - a potion of curing {unknown}
 s - a potion of cancellation {unknown}
 z - a potion of haste
 H - a potion of agility {unknown}
Books
 B - Sif Muna's Almanac of Enchantment
   (You found it on level 4 of the Dungeon)

   Spells                             Type                      Level
   a - Corona                         Hexes                        1
Miscellaneous
 v - a phial of floods (inert)
Comestibles
 c - 2 bread rations
 g - a meat ration
 F - 10 royal jellies


   Skills:
 + Level 4.8 Fighting
 + Level 5.3 Long Blades
 + Level 1.1 Throwing
 + Level 3.2 Armour
 + Level 4.5 Dodging
 + Level 2.8 Stealth


You had 6 spell levels left.
You knew the following spells:

 Your Spells              Type           Power        Failure   Level  Hunger
a - Corona                Hex            #......      43%         1    ##.....


Dungeon Overview and Level Annotations

Branches:
Dungeon (6/15)
 Temple: D:4-7

Altars:
Kikubaaqudgha
Makhleb
Sif Muna
Vehumet
Xom

Annotations:
D:6 Dowan, Duvessa


Innate Abilities, Weirdness & Mutations

You are clumsy. (Dex -2)
Your flesh is cold resistant.
Armour fits poorly on your strangely shaped body.
You are somewhat resistant to further mutation.
You are weak. (Str -2)


Message History

Press: ? - help, Shift-Dir - straight line The wave splashes down.
Splash!
You fall into the shallow water.
Moving in this stuff is going to be slow.
The water rises up and takes form.
You hear a shout! x4; You hear a bark!
The wyvern skeleton is no longer petrified.
Something hits you but does no damage.
You barely miss something.
You hear a splashing noise.
You miss something. The wyvern skeleton closely misses you. Something hits you!
* * * LOW HITPOINT WARNING * * *
Xom is highly amused!
Your unstable footing causes you to fumble your attack.
Your water elemental hits the wyvern skeleton.
The wyvern skeleton is destroyed!
Your Throwing skill increases to level 1!
Something hits you.
You die...

...... .......#.. #..#.#
##.## .########%....# .##
..#+## #.. .# #.........#
..##..... ... .#
#.........###........ .#
#....................
.####....................
∆ ...##.........≈≈≈≈§#.#
.....†......#.≈≈E.§#§#
...........##.≈{@..§§# ∆
...........########..#
...........# (..#
...........# ...>#
##.........# ...(.# ∆
########### ####### ∆


You could see a friendly water elemental.

Vanquished Creatures
  Sigmund (D:6)
  3 slaves (D:4)
  A centaur (D:6)
  A scorpion (D:4)
  A water moccasin skeleton (D:4)
  A centaur zombie (D:5)
  A hound (D:5)
  2 jellies
  2 orc wizards
  An iguana (D:4)
  A worker ant (D:4)
  A worker ant zombie (D:5)
  An adder (D:5)
  3 worms
  A dart slug (D:2)
  3 giant geckos
  8 orcs
  6 bats
  4 giant cockroaches
  3 goblins
  7 jackals
  A quokka (D:6)
  2 giant newts
  2 kobolds
  A quokka zombie (D:6)
  2 rats
60 creatures vanquished.

Vanquished Creatures (collateral kills)
  Menkaure (D:5)
  An ice beast (D:4)
  An ogre (D:5)
  A centaur (D:5)
  A wyvern skeleton (D:6)
  2 shadow imps (D:5)
  A giant cockroach (D:5)
8 creatures vanquished.

Grand Total: 68 creatures vanquished

Notes
Turn   | Place    | Note
--------------------------------------------------------------
     0 | D:1      | Krovax the Human Chaos Knight began the quest for the Orb.
     0 | D:1      | Reached XP level 1. HP: 18/18 MP: 1/1
   219 | D:1      | Reached XP level 2. HP: 24/24 MP: 2/2
   346 | D:2      | Found a burning altar of Makhleb.
   509 | D:2      | Reached XP level 3. HP: 16/29 MP: 3/3
   700 | D:3      | XOM: potion effect (invisibility)
   703 | D:3      | XOM: divination: detect creatures
   706 | D:3      | XOM: silly message
   718 | D:3      | Reached XP level 4. HP: 30/37 MP: 4/4
   950 | D:4      | Reached XP level 5. HP: 37/42 MP: 5/5
  1004 | D:4      | Reached skill level 4 in Long Blades
  1018 | D:4      | Reached XP level 6. HP: 37/48 MP: 6/6
  1052 | D:4      | XOM: god gift: phial of floods
  1101 | D:4      | You fall through a shaft!
  1101 | D:5      | Entered Level 5 of the Dungeon
  1157 | D:5      | XOM: medium Divn miscast
  1176 | D:5      | Noticed Menkaure
  1379 | D:5      | XOM: 1-stop teleportation journey
  1380 | D:5      | Noticed a phantom
  1384 | D:5      | Noticed a slave
  1388 | D:5      | Noticed a slave
  1389 | D:5      | Noticed Pikel
  1391 | D:5      | Noticed a slave
  1398 | D:5      | Noticed a slave
  1419 | D:5      | Noticed an ogre
  1419 | D:5      | XOM: confuse monster(s)
  1756 | D:4      | Found an ancient bone altar of Kikubaaqudgha.
  1768 | D:4      | Found a deep blue altar of Sif Muna.
  1771 | D:4      | Found a radiant altar of Vehumet.
  1779 | D:4      | Identified Sif Muna's Almanac of Enchantment (You found it on level 4 of the Dungeon)
  1782 | D:4      | Learned a level 1 spell: Corona
  1899 | D:4      | Gained mutation: You are somewhat resistant to further mutation. [potion of mutation]
  1958 | D:5      | XOM: potion effect (haste)
  1998 | D:4      | XOM: potion effect (brilliance)
  2006 | D:4      | XOM: enchant monster (good)
  2008 | D:4      | XOM: 1-stop teleportation journey
  2203 | D:4      | Killed a slave
  2222 | D:4      | XOM: swap monsters
  2231 | D:4      | Killed a slave
  2293 | D:5      | Noticed Pikel
  2293 | D:5      | Pikel changed into Pikel the centaur
  2293 | D:5      | XOM: polymorph Pikel -> Pikel the centaur
  2447 | D:4      | XOM: potion effect (curing)
  2456 | D:4      | XOM: scenery: create altars
  2468 | D:4      | Noticed an ice beast
  2468 | D:4      | a slave changed into an ice beast
  2468 | D:4      | XOM: polymorph slave -> ice beast
  2483 | D:4      | XOM: summons 6 friendly demons
  2483 | D:4      | Killed a slave
  2506 | D:4      | Killed an ice beast
  2660 | D:5      | XOM: confuse monster(s)
  2666 | D:5      | XOM: noise
  2713 | D:5      | XOM: fog
  2718 | D:5      | Killed an ogre
  2718 | D:5      | Reached skill level 1 in Stealth
  2718 | D:5      | Reached XP level 7. HP: 33/54 MP: 7/7
  2822 | D:5      | Killed Pikel the centaur
  2861 | D:5      | Killed Menkaure
  3023 | D:5      | XOM: give mutations
  3023 | D:5      | Gained mutation: You are clumsy. (Dex -2) [Xom's mischief]
  3023 | D:5      | Gained mutation: Armour fits poorly on your strangely shaped body. [Xom's mischief]
  3023 | D:5      | Gained mutation: Your flesh is cold resistant. [Xom's mischief]
  3023 | D:5      | Gained mutation: You are weak. (Str -2) [Xom's mischief]
  3055 | D:5      | XOM: god gift: 10 royal jellies
  3059 | D:5      | Reached skill level 5 in Long Blades
  3151 | D:5      | XOM: fog
  3154 | D:5      | XOM: swap monsters
  3157 | D:5      | XOM: 5-stop teleportation journey
  3749 | D:6      | XOM: butterfly on damage
  3750 | D:6      | XOM: enchant monster (good)
  3973 | D:6      | Noticed a hill giant
  3977 | D:6      | XOM: butterfly on damage
  3977 | D:6      | XOM: smoke on damage
  4268 | D:6      | Noticed Sigmund
  4269 | D:6      | XOM: divination: detect items
  4271 | D:6      | XOM: destruction
  4281 | D:6      | Killed Sigmund
  4281 | D:6      | Reached XP level 8. HP: 61/61 MP: 8/8
  4293 | D:6      | Noticed Dowan
  4322 | D:6      | Noticed Duvessa
  4333 | D:6      | XOM: smoke on damage
  4347 | D:6      | HP: 1/61 [something (10)]
  4348 | D:6      | Reached skill level 1 in Throwing
  4348 | D:6      | Slain by Duvessa

Skill      XL: |  1  2  3  4  5  6  7  8 |
---------------+-------------------------+-----
Dodging        | 2 3 4 |  4.5
Fighting       | 4 |  4.8
Long Blades    | 4 5 |  5.3
Stealth        | 1 2 |  2.8
Armour         | 3 |  3.2
Throwing       | 1 |  1.1

Action                   |  1- 3 |  4- 6 |  7- 9 || total
-------------------------+-------+-------+-------++-------
Melee: Falchion          |    72 |   187 |   110 ||   369
Throw: Tomahawk          |       |     3 |     6 ||     9
Evoke: Wand              |       |       |     1 ||     1
       Phial of floods   |       |       |     1 ||     1
  Use: Scroll            |     4 |     4 |     2 ||    10
       Potion            |       |     2 |     2 ||     4
 Stab: Invisible         |     1 |       |       ||     1
       Petrifying        |       |     4 |       ||     4
       Petrified         |       |     1 |     1 ||     2
       Paralysed         |       |     1 |     3 ||     4
       Distracted        |       |     1 |       ||     1
       Confused          |       |     1 |       ||     1
       Sleeping          |       |     1 |       ||     1
  Eat: Chunk             |       |     2 |       ||     2
       Meat ration       |       |     1 |     1 ||     2
Armor: Leather armour    |    37 |    89 |    29 ||   155
Dodge: Dodged            |    63 |   143 |    67 ||   273
